 Dungeon Sprint DCSS version 0.30.0-19-g36f170ea60 (webtiles) character file.

Game seed: 1176620108041331198

12800000 Groucho the Intangible (level 27, -2/228 HPs)
             Began as a Djinni Warper on May 27, 2023.
             Was the Champion of Makhleb.
             Slain by a fleshlord
             ... wielding a +9 great mace
              (168 damage)
             ... in the Dungeon (Sprint VIII: "Arena of Blood").
             The game lasted 00:07:17 (128 turns).

Groucho the Intangible (Djinni Warper)               Turns: 128, Time: 00:07:17

Health: -2/228     AC:  6    Str: 10    XL:     27
Gold:   0          EV: 30    Int: 23    God:    Makhleb [******] SH:  0 Dex: 19

rFire   + + .        i - +∞ Axe of Woe
rCold   x . .        (shield currently unavailable)
rNeg    . . .        b - +0 leather armour
rPois   ∞            (no helmet)
rElec   .            (no cloak)
rCorr   .            (no gloves)
SInv    +            (boots unavailable)
Will    ++...        (no amulet)
Stlth   ++++++++++   g - ring of see invisible
HPRegen 0.58/turn    (no ring)
MPRegen 0.00/turn

%: no teleportation, infuse magic (-3 HP)
@: flying, slowed, very slow
A: sickness immunity, fire resistance 2, cold vulnerability 1, float, innate
caster, HP casting, extra vitality 1
a: Renounce Religion, Minor Destruction, Lesser Servant of Makhleb, Major
Destruction, Greater Servant of Makhleb


You were in the Dungeon.
You worshipped Makhleb.
Makhleb was exalted by your worship.
You visited 1 branch

Inventory:

Hand Weapons
 a - a +0 hand axe
 i - the +∞ Axe of Woe (weapon)
   (You found it in the Dungeon)
Missiles
 d - 7 boomerangs of dispersal
Armour
 b - a +0 leather armour (worn)
Jewellery
 g - a ring of see invisible (left hand)
 j - a +130 ring of slaying
 k - a +250 ring of slaying
 l - a +200 ring of slaying
 m - a +100 ring of slaying
 n - a +100 ring of slaying
 o - a +200 ring of slaying
Scrolls
 c - 2 scrolls of blinking
Potions
 e - a potion of curing
 f - a potion of heal wounds
 h - a potion of berserk rage


   Skills:
 O Level 27 Fighting
 O Level 27 Short Blades
 O Level 27 Long Blades
 O Level 27 Axes
 O Level 27 Maces & Flails
 O Level 27 Polearms
 O Level 27 Staves
 O Level 27 Ranged Weapons
 O Level 27 Throwing
 O Level 27 Armour
 O Level 27 Dodging
 O Level 27 Stealth
 O Level 27 Shields
 O Level 27 Unarmed Combat
 O Level 27 Spellcasting
 O Level 27 Invocations
 O Level 27 Evocations


You knew the following spells:

 Your Spells              Type           Power      Damage    Failure   Level
a - Blink                 Tloc           100%       N/A       0%          2
b - Lesser Beckoning      Tloc           100%       N/A       0%          2
c - Vhi's Electric Charg  Tloc/Air       100%       N/A       0%          3
d - Teleport Other        Tloc           100%       N/A       0%          3
e - Manifold Assault      Tloc           100%       N/A       0%          4
f - Apportation           Tloc           100%       N/A       0%          1
g - Static Discharge      Conj/Air       100%       2-7/arc   0%          2
h - Ignite Poison         Fire/Tmut/Pois 100%       N/A       0%          3
i - Dazzling Flash        Conj/Hex       100%       N/A       0%          3
j - Lee's Rapid Deconstr  Erth           50%        3d24*     0%          5
k - Summon Mana Viper     Hex/Summ       100%       N/A       0%          5
l - Starburst             Conj/Fire      50%        6d14      0%          6
m - Eringya's Noxious Bo  Tmut/Pois      50%        N/A       0%          6
n - Storm Form            Tmut/Air       50%        N/A       0%          7
o - Necromutation         Tmut/Necr      50%        N/A       1%          8
p - Malign Gateway        Summ/Tloc      50%        N/A       0%          7
q - Disjunction           Tloc           50%        N/A       1%          8
r - Chain Lightning       Conj/Air       50%        3d67      1%          9
Your spell library was empty.

Dungeon Overview and Level Annotations

Branches:
Dungeon (1/1)

Altars:
Makhleb


Innate Abilities, Weirdness & Mutations

You are immune to sickness and miasma.
You are immune to poison.
Your flesh is very heat resistant. (rF++)
You are vulnerable to cold. (rC-)
You float through the air rather than walking.
You learn spells naturally, not from books.
Your magical power is your life essence.
You have superior vitality. (+4 MHP)


Message History

Unknown command.
Unknown command.
You hit the fleshlord.
You butcher the fleshlord messily.
You kill the fleshlord!
Makhleb accepts your kill.
You feel better.
You hear a shout! x3
A tyrant comes into view.
You hear a shout!
A bag of meat comes into view. It is wielding a +9 war axe.
You hear a shout!
A tyrant comes into view.
The fleshlord gestures wildly while chanting.
The fleshlord seems to speed up.
The meat berserker hits you with a +9 battleaxe!!
You hear a shout! x3
A fleshlord comes into view. It is wielding a +9 great mace.
You hear a shout!
A bag of meat comes into view. It is wielding a +9 war axe.
You hear a shout!
Unknown command.
The fleshlord shouts!
You slash the meat berserker!
You chop the meat berserker into pieces.
You kill the meat berserker!
Makhleb accepts your kill.
You feel better.
The fleshlord appears out of thin air!
A fleshlord comes into view. It is wielding a +9 great mace.
You hear a shout! x6
The tyrant waves its bony arms in wide circles.
The air twists around and strikes you!!!
The tyrant casts a spell.
An observer comes into view.
You hear a shout!
A bag of meat comes into view. It is wielding a +9 war axe.
You hear a shout!
A meat berserker comes into view. It is wielding a +9 battleaxe.
The fleshlord hits you with a +9 great mace!!!!!
Ouch! That really hurt!
You die...

. #... ...# .
...###... ...###...
........###......).
#.....))._.....).§L
..))..#.)...#....o.
...)).#_)<)_#2.oXX.
....o.#))...#p..XX)
#...O...._..)).GX)L
.......)###@poo)Wo)
...###..).)).###o)p
..)..#.).....#....)
..)..#..))..)#..)
....†).))).....))
..)))))).).).)).o#
..)))).)...))).)#.
...)G)))).....##..
....#.))....)#)...


You could see a meat beast (fast), 2 tyrants, 2 observers, 3 fleshlords, 5 large
abominations, a dread, a meat berserker (berserk) and 7 bags of meat.

Vanquished Creatures
  2 hell knights (D)
  8 hell beasts (D)
  8 royal mummies (D)
  7 great orbs of eyes (D)
  5 wraiths (D)
  Harold (D)
  16 vampire knights (D)
  36 ogres (D)
  5 two-headed ogres (D)
  10 liches (D)
  5 hydras (D)
  5 phantoms (D)
  64 orcs (D)
  3 skeletal warriors (D)
  3 sea snakes (D)
178 creatures vanquished.

Notes
Turn   | Place    | Note
-------+----------+-------------------------------------------
     0 | D        | Found the +∞ Axe of Woe
     0 | D        | Groucho the Djinni Warper began the quest for the Orb.
     0 | D        | Groucho set off with the following spells memorised: Blink,
                  | Lesser Beckoning, Vhi's Electric Charge, Teleport Other,
                  | Manifold Assault.
     0 | D        | Reached XP level 1. HP: 18/18 MP: 0/0
     2 | D        | Noticed a meat berserker
     2 | D        | Noticed a bag of meat
     4 | D        | Became a worshipper of Makhleb the Destroyer
     5 | D        | Noticed a bag of meat
     5 | D        | Noticed a bag of meat
     7 | D        | Killed a meat berserker
     8 | D        | Reached XP level 2. HP: 23/23 MP: 0/0
     8 | D        | Reached XP level 3. HP: 28/28 MP: 0/0
     8 | D        | Learned a level 1 spell: Apportation
     8 | D        | Reached XP level 4. HP: 33/33 MP: 0/0
     8 | D        | Reached XP level 5. HP: 38/38 MP: 0/0
     8 | D        | Learned a level 2 spell: Static Discharge
     8 | D        | Reached XP level 6. HP: 43/43 MP: 0/0
     8 | D        | Reached XP level 7. HP: 49/49 MP: 0/0
     8 | D        | Learned a level 3 spell: Ignite Poison
     8 | D        | Reached XP level 8. HP: 54/54 MP: 0/0
     8 | D        | Reached XP level 9. HP: 58/58 MP: 0/0
     8 | D        | Learned a level 3 spell: Dazzling Flash
     8 | D        | Reached XP level 10. HP: 64/64 MP: 0/0
     8 | D        | Reached XP level 11. HP: 68/68 MP: 0/0
     8 | D        | Learned a level 5 spell: Lee's Rapid Deconstruction
     8 | D        | Reached XP level 12. HP: 74/74 MP: 0/0
     9 | D        | Killed a bag of meat
     9 | D        | Reached * piety under Makhleb
    10 | D        | Reached XP level 13. HP: 78/78 MP: 0/0
    10 | D        | Learned a level 5 spell: Summon Mana Viper
    10 | D        | Killed a bag of meat
    11 | D        | Noticed a meat berserker
    12 | D        | Noticed a bag of meat
    13 | D        | Noticed a bag of meat
    13 | D        | Noticed a bag of meat
    14 | D        | Killed a bag of meat
    15 | D        | Reached skill level 5 in Spellcasting
    15 | D        | Reached XP level 14. HP: 94/94 MP: 0/0
    17 | D        | Killed a meat berserker
    17 | D        | Reached ** piety under Makhleb
    18 | D        | Reached skill level 27 in Dodging
    18 | D        | Killed a bag of meat
    19 | D        | Reached skill level 10 in Spellcasting
    19 | D        | Reached XP level 15. HP: 113/113 MP: 0/0
    19 | D        | Learned a level 6 spell: Starburst
    20 | D        | Reached *** piety under Makhleb
    20 | D        | Noticed a destroyer
    21 | D        | Reached skill level 15 in Fighting
    21 | D        | Killed a destroyer
    22 | D        | Reached XP level 16. HP: 119/132 MP: 0/0
    22 | D        | Noticed a meat berserker
    23 | D        | Noticed a meat berserker
    23 | D        | Noticed a large bag of meat
    23 | D        | Noticed a meat berserker
    24 | D        | Killed a meat berserker
    25 | D        | Reached skill level 15 in Spellcasting
    25 | D        | Noticed a meat berserker
    25 | D        | Reached **** piety under Makhleb
    25 | D        | Killed a meat berserker
    25 | D        | Killed a large bag of meat
    25 | D        | Noticed a meat berserker
    26 | D        | Reached skill level 27 in Axes
    26 | D        | Reached XP level 17. HP: 149/149 MP: 0/0
    26 | D        | Learned a level 6 spell: Eringya's Noxious Bog
    26 | D        | Reached ***** piety under Makhleb
    26 | D        | Killed a meat berserker
    27 | D        | Reached XP level 18. HP: 163/163 MP: 0/0
    27 | D        | Noticed a large bag of meat
    27 | D        | Noticed a meat berserker
    28 | D        | Killed a meat berserker
    28 | D        | Killed a meat berserker
    28 | D        | Killed a meat berserker
    29 | D        | Reached skill level 27 in Fighting
    29 | D        | Reached XP level 19. HP: 174/174 MP: 0/0
    29 | D        | Learned a level 7 spell: Storm Form
    29 | D        | Noticed an eight-headed meat hydra
    29 | D        | Killed a nine-headed meat hydra
    29 | D        | Reached ****** piety under Makhleb
    30 | D        | Reached XP level 20. HP: 181/181 MP: 0/0
    31 | D        | Reached skill level 27 in Stealth
    31 | D        | Reached skill level 27 in Spellcasting
    33 | D        | Reached skill level 10 in Armour
    33 | D        | Killed a large bag of meat
    34 | D        | Reached XP level 21. HP: 187/187 MP: 0/0
    34 | D        | Learned a level 8 spell: Necromutation
    35 | D        | Noticed a large bag of meat
    35 | D        | Noticed a large bag of meat
    36 | D        | Reached skill level 27 in Invocations
    36 | D        | Noticed a destroyer
    37 | D        | Reached skill level 27 in Armour
    37 | D        | Reached XP level 22. HP: 194/194 MP: 0/0
    38 | D        | Noticed a destroyer
    38 | D        | Killed a large bag of meat
    38 | D        | Killed a large bag of meat
    38 | D        | Killed a destroyer
    39 | D        | Killed a destroyer
    40 | D        | Reached skill level 10 in Short Blades
    40 | D        | Reached skill level 10 in Long Blades
    40 | D        | Reached skill level 10 in Maces & Flails
    40 | D        | Reached skill level 10 in Polearms
    40 | D        | Reached skill level 10 in Staves
    40 | D        | Reached skill level 10 in Ranged Weapons
    40 | D        | Reached skill level 10 in Throwing
    40 | D        | Reached XP level 23. HP: 201/201 MP: 0/0
    40 | D        | Learned a level 7 spell: Malign Gateway
    44 | D        | Noticed a destroyer
    44 | D        | Noticed a destroyer
    45 | D        | Killed a destroyer
    45 | D        | Killed a destroyer
    46 | D        | Reached skill level 15 in Short Blades
    46 | D        | Reached skill level 15 in Long Blades
    46 | D        | Reached skill level 15 in Staves
    46 | D        | Reached XP level 24. HP: 208/208 MP: 0/0
    46 | D        | Noticed a destroyer
    47 | D        | Noticed a destroyer
    47 | D        | Noticed an accursed
    47 | D        | Noticed a large bag of meat
    47 | D        | Noticed a destroyer
    49 | D        | Killed a large bag of meat
    49 | D        | Killed a destroyer
    49 | D        | Killed an accursed
    50 | D        | Reached XP level 25. HP: 214/214 MP: 0/0
    50 | D        | Learned a level 8 spell: Disjunction
    50 | D        | Noticed a destroyer
    51 | D        | Noticed an accursed
    51 | D        | Killed a destroyer
    51 | D        | Killed a destroyer
    51 | D        | Killed an accursed
    52 | D        | Reached XP level 26. HP: 191/221 MP: 0/0
    52 | D        | Killed a destroyer
    54 | D        | Reached XP level 27. HP: 228/228 MP: 0/0
    54 | D        | Learned a level 9 spell: Chain Lightning
    54 | D        | Noticed The Servant
    54 | D        | Noticed an accursed
    57 | D        | Noticed an accursed
    58 | D        | Noticed a meat beast
    61 | D        | Killed a meat beast
    62 | D        | Reached skill level 27 in Shields
    62 | D        | Reached skill level 27 in Unarmed Combat
    62 | D        | Reached skill level 27 in Evocations
    62 | D        | Noticed a dread
    63 | D        | Killed The Servant
    63 | D        | Killed a dread
    64 | D        | Reached skill level 27 in Short Blades
    64 | D        | Reached skill level 27 in Long Blades
    64 | D        | Reached skill level 27 in Staves
    64 | D        | Killed an accursed
    65 | D        | Reached skill level 27 in Maces & Flails
    65 | D        | Reached skill level 27 in Polearms
    65 | D        | Reached skill level 27 in Ranged Weapons
    65 | D        | Reached skill level 27 in Throwing
    66 | D        | Noticed a dread
    67 | D        | Noticed a meat beast
    68 | D        | Killed a meat beast
    68 | D        | Killed a dread
    78 | D        | Noticed a tyrant
    79 | D        | Killed a tyrant
    80 | D        | Noticed a meat beast
    80 | D        | Noticed a destroyer
    81 | D        | Killed a destroyer
    81 | D        | Killed an accursed
    81 | D        | Killed a meat beast
    82 | D        | Noticed a destroyer
    83 | D        | Noticed a tyrant
    84 | D        | Killed a destroyer
    85 | D        | Noticed a tyrant
    85 | D        | Noticed an accursed
    87 | D        | Noticed a meat beast
    90 | D        | Killed a meat beast
    91 | D        | Noticed an accursed
    91 | D        | Noticed a tyrant
    91 | D        | Killed an accursed
    92 | D        | Killed a tyrant
    92 | D        | Noticed a tyrant
    92 | D        | Noticed a meat beast
    93 | D        | Killed a tyrant
    93 | D        | Killed a meat beast
    94 | D        | Noticed an accursed
    94 | D        | Killed an accursed
    94 | D        | Killed a tyrant
    95 | D        | Killed an accursed
    96 | D        | Killed a tyrant
    98 | D        | Noticed a tyrant
    99 | D        | Noticed a tyrant
   102 | D        | Killed a tyrant
   103 | D        | Killed a tyrant
   105 | D        | Noticed a tyrant
   106 | D        | Noticed a dread
   108 | D        | Killed a dread
   109 | D        | Killed a tyrant
   109 | D        | Noticed a destroyer
   110 | D        | Killed a destroyer
   111 | D        | Noticed a meat beast
   112 | D        | Noticed a dread
   112 | D        | Killed a dread
   112 | D        | Noticed a tyrant
   113 | D        | Killed a tyrant
   113 | D        | Noticed a tyrant
   114 | D        | Noticed a destroyer
   114 | D        | Noticed a meat beast
   115 | D        | Killed a meat beast
   115 | D        | Noticed a meat beast
   116 | D        | Noticed a destroyer
   116 | D        | Noticed a dread
   116 | D        | Noticed a destroyer
   117 | D        | Killed a destroyer
   118 | D        | Noticed a fleshlord
   118 | D        | Killed a dread
   118 | D        | Killed a fleshlord
   119 | D        | Killed a meat beast
   120 | D        | Noticed a fleshlord
   120 | D        | Killed a meat beast
   120 | D        | Noticed a destroyer
   121 | D        | Killed a tyrant
   121 | D        | Killed a destroyer
   123 | D        | Noticed a fleshlord
   123 | D        | Noticed an accursed
   124 | D        | Killed a destroyer
   124 | D        | Killed an accursed
   125 | D        | Noticed a fleshlord
   126 | D        | Killed a destroyer
   126 | D        | Noticed a meat beast
   126 | D        | Noticed a dread
   127 | D        | Killed a fleshlord
   127 | D        | Noticed a tyrant
   127 | D        | Noticed a tyrant
   127 | D        | Noticed a fleshlord
   128 | D        | Slain by a fleshlord

Illustrated notes

Levels and vault maps discovered:
D:        meatsprint

Skill      XL: |  1  2  3  4  5  6  7  8  9 10 11 12 13 14 15 16 17 18 19 20 21 22 23 24 25 26 27 |
---------------+----------------------------------------------------------------------------------+-----
Axes           | 17 19 21 22 24 27 | 27.0
Dodging        | 22 24 26 27 | 27.0
Fighting       | 6 12 18 22 25 27 | 27.0
Spellcasting   | 5 10 14 18 20 23 26 27 | 27.0
Stealth        | 14 17 23 26 27 | 27.0
Invocations    | 25 27 | 27.0
Armour         | 19 27 | 27.0
Short Blades   | 2 10 15 18 20 22 27 | 27.0
Long Blades    | 2 10 15 18 20 22 27 | 27.0
Maces & Flails | 2 10 14 17 19 21 27 | 27.0
Polearms       | 2 10 14 17 19 21 27 | 27.0
Staves         | 2 10 15 18 20 22 27 | 27.0
Ranged Weapons | 2 10 14 17 19 21 27 | 27.0
Throwing       | 2 10 14 17 19 21 27 | 27.0
Shields        | 3 11 17 19 22 24 27 | 27.0
Unarmed Combat | 3 11 17 19 22 24 27 | 27.0
Evocations     | 3 11 17 19 22 24 27 | 27.0

Action                     |  1- 3 |  4- 6 |  7- 9 | 10-12 | 13-15 | 16-18 | 19-21 | 22-24 | 25-27 || total
---------------------------+-------+-------+-------+-------+-------+-------+-------+-------+-------++-------
  Melee: Executioner's axe |     1 |       |       |     1 |     7 |    12 |    20 |    19 |   120 ||   180
   Cast: Manifold Assault  |       |       |       |       |     3 |     3 |     4 |     5 |    28 ||    43
         Blink             |       |       |       |       |       |       |       |     1 |       ||     1
    Use: Potion            |       |       |       |       |       |       |       |       |     1 ||     1
  Dodge: Dodged            |       |       |       |       |       |       |     1 |     1 |     1 ||     3
